 Dungeon Crawl Stone Soup version 0.23.2-33-g5129a83184 (webtiles) character file.

Game seed: 3331296635637350206

417 MalarOregon the Poker (level 6, 0/52 HPs)
             Began as a Merfolk Skald on Aug 3, 2019.
             Succumbed to an orc wizard's poison
             ... on level 5 of the Dungeon.
             The game lasted 00:05:19 (4160 turns).

MalarOregon the Poker (Merfolk Skald)               Turns: 4160, Time: 00:05:20

Health: 0/52       AC: 10    Str: 11    XL:     6   Next: 92%
Magic:  7/9        EV:  9    Int: 14    God:
Gold:   132        SH:  0    Dex: 14    Spells: 1/9 levels left

rFire    . . .     SeeInvis .   a - +0 spear
rCold    . . .     Gourm    .   (no shield)
rNeg     . . .     Faith    .   l - +1 scale mail
rPois    .         Spirit   .   f - +2 helmet
rElec    .         Reflect  .   (no cloak)
rCorr    .         Harm     .   (no gloves)
MR       .....                  (no boots)
Stlth    ..........             (no amulet)
HPRegen  0.17/turn              (no ring)
MPRegen  0.11/turn              (no ring)

@: lethally poisoned (0 -> -3), very slightly contaminated
A: change form in water, swift swim, stealthy swim
a: no special abilities


You were on level 5 of the Dungeon.
You were not hungry.

You visited 1 branch of the dungeon, and saw 5 of its levels.

You collected 132 gold pieces.

Inventory:

Hand Weapons
 a - a +0 spear (weapon)
Armour
 f - a +2 helmet (worn)
   (You found it on level 1 of the Dungeon)
 l - a +1 scale mail (worn)
   (You found it on level 1 of the Dungeon)
Jewellery
 c - an uncursed ring of protection from cold {unknown}
   (You found it on level 3 of the Dungeon)
 s - a +4 ring of protection {unknown}
   (You found it on level 4 of the Dungeon)
Scrolls
 b - a scroll of identify {@r1}
 h - a scroll of fog
 i - 3 scrolls of amnesia
 j - a scroll of immolation {!r}
 q - 2 scrolls of remove curse {@r2}
 r - a scroll of teleportation {@r4}
Potions
 d - a potion of invisibility {unknown}
 g - a potion of agility {unknown}
 k - a potion of curing {unknown}
 m - a potion of brilliance {unknown}
 o - a potion of flight {unknown}
 p - a potion of might
 t - 2 potions of magic {unknown}
Comestibles
 e - 9 rations {!d}
 n - 2 chunks of flesh


   Skills:
 + Level 5.7 Fighting
 + Level 7.5 Polearms
 - Level 0.6 Armour
 - Level 2.6 Dodging
 - Level 2.0 Spellcasting
 - Level 3.2 Charms


You had one spell level left.
You knew the following spells:

 Your Spells              Type           Power        Failure   Level  Hunger
e - Regeneration          Chrm/Necr      #.........   92%         3    ####...
q - Shroud of Golubria    Chrm/Tloc      #.........   75%         2    ###....
t - Spectral Weapon       Hex/Chrm       #.......     92%         3    ####...

Your spell library contained the following spells:

 Spells                   Type           Power        Failure   Level  Hunger
 Infusion                 Chrm           ##..         36%         1    ##.....
 Song of Slaying          Chrm           ##......     50%         2    ###....


Dungeon Overview and Level Annotations

Branches:
Dungeon (5/15)
 Temple: D:4-7

Altars:


Message History

The orc wizard mumbles some strange words.
The orc wizard flickers and vanishes!
Deactivating autopickup; reactivate with Ctrl-A.
The orc wizard hits you with a +0 dagger.
The orc closely misses you.
An orc comes into view.
You feel sick.
The orc shouts!
The orc wizard mumbles some strange words.
The orc wizard blinks!
You hear some strange, mumbled words.
Something tries to affect you, but you resist.
The orc wizard hits you but does no damage.
The orc moves out of view.
You feel sick.
You hear some strange, mumbled words.
A puff of flame appears from out of thin air!
The puff of flame misses you.
You feel sick.
An orc comes into view. It is wielding a +0 dagger.
A puff of flame appears from out of thin air!
The puff of flame hits you!
* * * LOW HITPOINT WARNING * * *
The orc wizard mumbles some strange words.
The orc wizard seems to speed up.
You feel sick.
You feel sick.
The orc wizard begins to cast a cantrip, but forgets the words!
You feel sick.
You feel sick.
A magic dart appears from out of thin air!
The magic dart hits you but does no damage.
You feel sick.
You feel sick.
The orc wizard points at you and mumbles some strange words.
The puff of flame hits you!
* * * LOW HITPOINT WARNING * * *
You feel sick.
A puff of flame appears from out of thin air!
The puff of flame hits you.
* * * LOW HITPOINT WARNING * * *
There is a stone staircase leading down here.
You climb downwards.
Reactivating autopickup.
A ball python, a quokka, a giant cockroach and 2 orcs come into view.
The orc priest shouts!
The orc shouts!
The ball python hisses angrily.
Found a runed leather armour.
Found a stone staircase leading down.
There is a stone staircase leading up here.
Okay, then.
You die...

... .. ..
##. . #..###
##.. #....#
....[
#....#......
#.@...#
#....##
ro.##...>
..... .#.S..
.s..... #
... #..##.o
.. ... #.# .
## #.


You could see an orc priest, an orc, a quokka, a giant cockroach and a ball
python.

Vanquished Creatures
  An ogre (D:4)
  2 scorpions
  A hound (D:4)
  A worker ant (D:4)
  8 adders
  An ooze (D:3)
  5 worms
  A dart slug (D:1)
  2 leopard geckos
  12 orcs
  3 bats (D:2)
  3 giant cockroaches
  10 goblins
  10 hobgoblins
  3 jackals
  A quokka (D:3)
  A ball python (D:3)
  2 frilled lizards
  11 kobolds
  6 rats
84 creatures vanquished.

Notes
Turn   | Place    | Note
-------+----------+-------------------------------------------
     0 | D:1      | MalarOregon the Merfolk Skald began the quest for the Orb.
     0 | D:1      | Reached XP level 1. HP: 16/16 MP: 3/3
   111 | D:1      | Reached XP level 2. HP: 23/23 MP: 5/5
   947 | D:1      | Reached skill level 4 in Polearms
  1100 | D:2      | Reached XP level 3. HP: 26/29 MP: 6/6
  1383 | D:2      | Found a faded altar of an unknown god.
  1587 | D:2      | Reached XP level 4. HP: 21/36 MP: 7/7
  1835 | D:2      | Reached skill level 5 in Polearms
  1914 | D:2      | Learned a level 2 spell: Shroud of Golubria
  1918 | D:2      | Learned a level 3 spell: Regeneration
  2542 | D:3      | Reached XP level 5. HP: 38/42 MP: 8/8
  2555 | D:3      | Learned a level 3 spell: Spectral Weapon
  3019 | D:3      | Reached skill level 6 in Polearms
  3478 | D:4      | Reached XP level 6. HP: 50/50 MP: 9/9
  3521 | D:4      | Reached skill level 5 in Fighting
  3821 | D:4      | Reached skill level 7 in Polearms
  4157 | D:4      | HP: 1/52 [something/puff of flame (5)]
  4159 | D:5      | Entered Level 5 of the Dungeon
  4160 | D:5      | Succumbed to an orc wizard's poison

Skill      XL: |  1  2  3  4  5  6 |
---------------+-------------------+-----
Fighting       | 3 4 5 |  5.7
Polearms       | 4 5 6 7 |  7.5
Armour         | |  0.6
Dodging        | |  2.6
Spellcasting   | |  2.0
Charms         | |  3.2

Action                   |  1- 3 |  4- 6 || total
-------------------------+-------+-------++-------
Melee: Spear             |   147 |   333 ||   480
  Use: Scroll            |       |     9 ||     9
 Stab: Sleeping          |     1 |       ||     1
  Eat: Chunk             |     2 |     9 ||    11
Armor: Leather armour    |     9 |       ||     9
       Scale mail        |    45 |   100 ||   145
Dodge: Dodged            |    69 |    97 ||   166
